 Dungeon Crawl Stone Soup version 0.17-a0-1718-g72dbe4d (webtiles) character file.

65 urechis the Skirmisher (level 3, 30/30 HPs)
             Began as a Demonspawn Berserker on Aug 24, 2015.
             Was a Believer of Trog.
             Quit the game on level 2 of the Dungeon.
             The game lasted 00:02:52 (2171 turns).

urechis the Skirmisher (Demonspawn Berserker)       Turns: 2171, Time: 00:02:53

Health: 30/30      AC:  5    Str: 18    XL:     3   Next: 94%
Magic:  3/3        EV: 11    Int:  8    God:    Trog [**....]
Gold:   101        SH:  0    Dex: 12    Spells: 0 memorised, 2 levels left

rFire  . . .     SeeInvis .     a - +0 mace
rCold  + . .     Clarity  .     g - +0 ring mail
rNeg   . . .     SustAt   .     (no shield)
rPois  .         Gourm    .     (helmet restricted)
rElec  .         Spirit   .     (no cloak)
rCorr  .         Warding  .     (no gloves)
rMut   .         Stasis   .     (no boots)
MR     .....                    (no amulet)
Stlth  +.........               (no ring)
                                (no ring)

@: starving, not resistant to hostile enchantments, very unstealthy
A: horns 1, cold resistance 1
a: Burn Spellbooks, Berserk, Trog's Hand, Renounce Religion


You were on level 2 of the Dungeon.
You worshipped Trog.
Trog was pleased with you.
You were starving.

You visited 1 branch of the dungeon, and saw 2 of its levels.

You collected 101 gold pieces.

Inventory:

Hand weapons
 a - a +0 mace (weapon)
Armour
 g - a +0 ring mail (worn)
Scrolls
 b - a scroll of recharging {unknown}
 f - 5 scrolls of identify {unknown}
 j - a scroll of teleportation {unknown}
 m - a scroll of magic mapping {unknown}
 n - a scroll of fear {unknown}
Potions
 d - a potion of brilliance {unknown}
 e - a potion of magic {unknown}
 h - a potion of heal wounds {unknown}
 i - a potion of curing {unknown}
 l - a potion of haste {unknown}
Comestibles
 c - 2 bread rations
 k - a meat ration


   Skills:
 + Level 3.9 Fighting
 * Level 3.7 Maces & Flails
 - Level 1.8 Armour
 - Level 1.7 Dodging


You had 2 spell levels left.
You didn't know any spells.

Dungeon Overview and Level Annotations

Branches:
Dungeon (2/15)

Altars:


Innate Abilities, Weirdness & Mutations

You have a pair of small horns on your head.
Your flesh is cold resistant.


Message History

No target in view!
No target in view!
No target in view!
You enter the shallow water.
Moving in this stuff is going to be slow.
You enter the shallow water.
Moving in this stuff is going to be slow.
You are starving!
You need to eat something NOW!
You are too hungry to fight recklessly!
You are too hungry to fight recklessly!
You are too hungry to fight recklessly!
You are too hungry to fight recklessly!
You are too hungry to fight recklessly!
You are too hungry to fight recklessly!
You need to eat something NOW!
You need to eat something NOW!
Unknown command.
Unknown command.
Are you sure you want to abandon this character and quit the game? (Confirm with "yes".)

#######...#.....≈PP♣≈≈≈≈P.#######
#......####......≈PP♣♣≈≈≈P......#
................#.P♣≈≈♣≈PP#####.#
...............≈PPP♣≈≈≈P.P# #.#
.......####.PP..≈≈♣≈≈P.PP.# #.#
...........P.P≈≈≈♣PPPP###.# #.#
..>......#.P≈≈♣≈PPPP### #.# #.#
#........#P≈PPP≈.....# #.# #.#
######...#≈≈P≈≈P@....# #.# #.#
########PPPP.......# #.# #.#
###..(...........########.#####.#
.##.####.##.##.#.###............#
.##.####.##.##.#..........#######
.')............#.###.####.#
.##.####.##.####.# #.# #.# .##.#
#.#..# #.# #.####.###### ###.#
#.#..# #.# #...........#


There were no monsters in sight!

Vanquished Creatures
  3 adders (D:2)
  A worm (D:2)
  A giant gecko (D:1)
  3 bats
  2 giant cockroaches (D:2)
  4 goblins
  3 hobgoblins
  7 jackals (D:2)
  A ball python (D:2)
  A giant newt (D:1)
  6 kobolds
  3 rats
35 creatures vanquished.

Notes
Turn   | Place    | Note
--------------------------------------------------------------
     0 | D:1      | urechis the Demonspawn Berserker began the quest for the Orb.
     0 | D:1      | Reached XP level 1. HP: 18/18 MP: 1/1
   481 | D:1      | Gained mutation: Your flesh is cold resistant. [demonic ancestry]
   481 | D:1      | Reached XP level 2. HP: 21/24 MP: 2/2
  1098 | D:2      | Gained mutation: You have a pair of small horns on your head. [demonic ancestry]
  1098 | D:2      | Reached XP level 3. HP: 20/29 MP: 3/3
  1119 | D:2      | Acquired Trog's second power
  2171 | D:2      | Quit the game

Vault maps used:
D:1:      dpeg_arrival_lava_altar
D:2:      first_bread, serial_bayou_lagoon_a

Action                   || total
-------------------------++-------
Melee: Mace              ||   118
Invok: Berserk           ||     1
  Eat: Chunk             ||     3
